Map: World of Sleepers LE

Players

Makanoft - Winner!

  • Race: Zerg Zerg
  • League: Platinum
  • Spawn Location: 1:00

Nightwell

  • Race: Terran Terran
  • League: Diamond
  • Spawn Location: 7:00

VOD

Have the link to the VOD?

Description

Time

  • Played on: Sept. 10, 2019, 3:14 p.m.
  • Length: 9:31
Show
View Real Time Build Order
Export as new Build Order

Makanoft Zerg - Winner!

Build Orders: Hatch First 

Get SALT Encoding   

  12  0:01  Drone  
  13  0:09  Drone  
  14  0:14  Extractor  
  14  0:16  Drone  
  15  0:22  Overlord  
  15  0:42  Drone x2  
  17  0:49  Drone  
  18  1:00  Hatchery  
  18  1:04  Drone  
  18  1:19  Spawning Pool, Extractor  
  18  1:20  Drone  
  18  1:21  Drone  
  18  1:29  Drone  
  19  1:39  Drone  
  20  1:50  Drone  
  21  2:07  Zergling x2, Hatchery  
  21  2:11  Queen  
  21  2:12  Overlord  
  23  2:28  Queen  
  25  2:30  Drone x2  
  25  2:36  Metabolic Boost  
  27  2:39  Zergling x4  
  28  2:48  Zergling x4  
  30  3:09  Zergling x4  
  30  3:10  Drone x2  
  34  3:21  Drone  
  34  3:22  Drone x3  
  38  3:30  Lair  
  38  3:33  Drone x2  
  40  3:36  Drone  
  41  3:47  Drone  
  42  3:50  Overlord x2  
  42  3:56  Overlord  
  42  4:03  Overlord  
  42  4:11  Extractor  
  42  4:15  Roach Warren  
  39  4:17  Drone  
  39  4:18  Drone x7  
  47  4:25  Pneumatized Carapace  
  47  4:28  Drone x2  
  49  4:40  Zergling x14  
  49  4:43  Spore Crawler  
  55  4:47  Spore Crawler  
  55  4:49  Zergling x4  
  56  4:56  Roach Warren, Zergling x4  
  56  4:57  Zergling x2  
  58  5:03  Nydus Network  
  57  5:08  Queen  
  57  5:09  Drone  
  57  5:10  Drone  
  61  5:20  Zergling x12  
  67  5:35  Roach x3  
  73  5:37  Overlord  
  73  5:38  Overlord  
  73  5:40  Nydus Canal  
  73  5:56  Nydus Canal  
  73  6:02  Roach  
  73  6:03  Roach x3  
  81  6:07  Overlord x2  
  81  6:08  Overlord x4  
  81  6:19  Overlord x3  
  81  6:37  Queen x3  
  87  6:40  Overseer  
  87  6:45  Roach x3  
  93  6:47  Drone  
  94  7:00  Roach x5  
  104  7:10  Drone x5  
  104  7:11  Drone  
  108  7:25  Zergling x6  
  108  7:26  Zergling x2  
  111  7:33  Glial Reconstitution  
  111  7:34  Roach x2  
  111  7:35  Roach x3  
  115  7:44  Zergling x6  
  115  7:47  Queen x3  
  120  8:01  Nydus Canal  
  116  8:05  Roach  
  116  8:06  Roach x3  
  120  8:20  Overlord x3  
  113  8:30  Roach  
  113  8:32  Zergling x4  
  110  8:44  Zergling x12  
  110  8:45  Zergling x6  
  100  8:58  Zergling x6  
  103  9:08  Roach x2  
  103  9:09  Roach  
Show
View Real Time Build Order
Export as new Build Order

Nightwell Terran 

Build Orders:  

Get SALT Encoding   

  12  0:00  SCV  
  13  0:12  SCV  
  14  0:17  Supply Depot  
  14  0:25  SCV  
  15  0:39  Barracks, SCV  
  16  0:46  Refinery  
  16  0:51  SCV  
  17  1:03  SCV  
  18  1:15  SCV  
  19  1:27  SCV  
  19  1:32  Command Center  
  20  1:37  Reaper  
  21  1:40  SCV  
  21  1:46  Refinery  
  22  1:52  SCV  
  23  1:58  Supply Depot  
  23  2:18  Orbital Command  
  23  2:19  Factory  
  23  2:30  Barracks Reactor  
  23  2:31  Supply Depot  
  23  3:14  Orbital Command  
  23  3:27  Bunker, SCV  
  24  3:29  Hellion x2  
  28  3:39  SCV  
  29  3:47  Command Center  
  28  3:51  SCV x2  
  30  3:58  Marine  
  31  4:03  SCV x2  
  33  4:12  Factory  
  33  4:15  SCV x2  
  35  4:21  Supply Depot  
  35  4:27  SCV x2  
  35  4:28  Hellion x2  
  41  4:34  Factory  
  41  4:36  Engineering Bay  
  41  4:39  SCV x2  
  41  4:43  Marine, Refinery  
  44  4:46  Refinery  
  44  4:51  SCV x2, Hellion  
  48  4:55  Hellion  
  48  4:57  Factory Tech Lab  
  50  5:01  Marine  
  50  5:03  SCV x3  
  54  5:15  SCV x2  
  54  5:17  Cyclone  
  54  5:18  Mag-Field Accelerator  
  54  5:19  Marine, Factory Tech Lab  
  60  5:24  SCV  
  61  5:29  Missile Turret  
  61  5:33  SCV  
  62  5:36  SCV, Missile Turret  
  62  5:38  Cyclone  
  62  5:39  Infernal Pre-Igniter  
  66  6:08  Cyclone  
  66  6:11  Cyclone  
  72  6:15  Hellion  
  72  6:16  Missile Turret  
  74  6:22  Missile Turret  
  74  6:24  Missile Turret  
  74  6:35  Hellion  
  74  6:37  Missile Turret  
  76  6:40  Supply Depot  
  76  6:41  Planetary Fortress  
  76  6:42  Supply Depot  
  76  6:53  SCV  
  77  7:01  Missile Turret  
  77  7:02  Cyclone x2, SCV  
  77  7:04  Hellion  
  86  7:08  Supply Depot  
  86  7:11  Supply Depot  
  80  7:43  Cyclone x2  
  82  8:07  Hellion x2  
  83  8:16  Hellion  
  71  8:32  Cyclone  
  73  8:37  Cyclone  
  73  8:40  Armory  
  62  8:59  Hellion x2  
Tags
 
Add a new tag
Caveats
  • Supply blocks, unpowered buildings, or Contaminate may cause inaccurate times.
  • Supply counts are checked every 10 seconds.